Unix NetHack Version 3.7.0-88 Work-in-progress - last build Aug 21 2023 04:08:40 (b68ccb3e4f8f5dcb83e1e40b1ff56e7dffd4cd28,branch:master). Game began 2023-08-31 20:39:15, ended 2023-08-31 22:11:39. MargeBouvier, neutral male gnomish Wizard --- -- ---- -..-- |. ---..----....--- ---- |...<.............| --*.--------.......-.....| |)....|.----.............| |........--.......f.....-- --............G......-...----- |................................| --.......................B--------- --............................| ------....................Y--0.....-- |G..................>..(.@.--.......| |..---..............................| -----.......---........---------- ..| |.........| |....--.-- -- |..--.|..-- --..----- --- ------ ---- MargeBouvier the Magician St:14 Dx:14 Co:15 In:19 Wi:16 Ch:14 Neutral Dlvl:10 $:447 HP:0(71) Pw:46(90) AC:-2 Exp:10 T:15673 Latest messages: You swap places with the peaceful gnome. You hear crashing rock. You hear some noises in the distance. The coyote misses! The coyote misses! The magic-absorbing blade stuns the coyote! You kill the coyote! You hear some noises in the distance. The magic-absorbing blade cancels the owlbear! The owlbear hits! The owlbear hits again! The owlbear grabs you! You hit the owlbear. The owlbear hits! The owlbear misses! You are being crushed. What do you want to use or apply? [cfilqstw-yY or ?*] Never mind. You fail to cast the spell correctly. The owlbear misses! The owlbear misses! You are being crushed. You miss the owlbear. The owlbear hits! The owlbear misses! You are being crushed. The magic-absorbing blade cancels the owlbear! The owlbear misses! The owlbear misses! You are being crushed. You hit the owlbear. The owlbear hits! The owlbear hits again! You are being crushed. What do you want to use or apply? [cfilqstw-yY or ?*] Never mind. What do you want to write with? [- ac-eiqtvyGKLPTY or ?*] You can't reach the floor. What do you want to write with? [- ac-eiqtvyGKLPTY or ?*] Never mind. You fail to cast the spell correctly. The owlbear hits! The owlbear hits again! You are being crushed. You die... Do you want your possessions identified? [ynq] (y) Do you want to see your attributes? [ynq] (y) Do you want an account of creatures vanquished? [ynaq] (y) Do you want to see your conduct and achievements? [ynq] (y) Do you want to see the dungeon overview? [ynq] (y) Inventory: Coins $ - 447 gold pieces Amulets X - an uncursed amulet of ESP (being worn) Weapons a - the rustproof +0 Magicbane (weapon in hand) Armor u - a blessed +6 elven leather helm (being worn) C - an uncursed burnt +0 pair of low boots (being worn) b - an uncursed burnt +0 cloak of magic resistance (being worn) W - an uncursed +0 elven cloak z - an uncursed +0 elven mithril-coat (being worn) Comestibles n - 2 uncursed dwarven roots M - an uncursed lembas wafer V - an uncursed tripe ration Scrolls N - 2 uncursed scrolls of blank paper D - 3 uncursed scrolls of confuse monster F - 2 uncursed scrolls of create monster R - 2 uncursed scrolls of destroy armor Z - a blessed scroll of earth j - 2 uncursed scrolls of earth Q - a cursed scroll of enchant weapon S - an uncursed scroll of fire J - a cursed scroll of food detection o - an uncursed scroll of identify B - 3 uncursed scrolls of light I - an uncursed scroll of punishment k - an uncursed scroll of remove curse p - an uncursed scroll of stinking cloud r - an uncursed scroll of taming A - 2 uncursed scrolls of teleportation Potions E - a cursed potion of blindness O - a cursed potion of enlightenment H - a blessed potion of healing m - a cursed potion of levitation g - a blessed potion of restore ability h - an uncursed potion of restore ability U - an uncursed potion of water Rings P - an uncursed ring of free action (on left hand) e - an uncursed ring of polymorph control K - an uncursed ring of searching (on right hand) d - an uncursed ring of teleport control Wands q - a wand of digging (0:3) c - a wand of fire (0:0) i - a wand of light (0:11) t - a wand of make invisible (0:4) Y - a wand of probing (0:6) y - a wand of slow monster (0:6) Tools l - an uncursed oil lamp f - a +0 pick-axe (alternate weapon; not wielded) x - an uncursed skeleton key s - an uncursed stethoscope w - an uncursed tin whistle Gems/Stones G - an uncursed obsidian stone L - an uncursed worthless piece of yellow glass v - an uncursed worthless piece of yellowish brown glass T - an uncursed rock MargeBouvier the Wizard's attributes: Background: You were a Magician, a level 10 male gnomish Wizard. You were neutral, on a mission for Thoth who was opposed by Ptah (lawful) and Anhur (chaotic). You were in the Gnomish Mines, on level 10. You entered the dungeon 15673 turns ago. It was nighttime. There was a full moon in effect when your adventure ended. You had 5232 experience points, 4768 more were needed to attain level 11. Basics: You had 0 out of 71 hit points. You had 46 out of 90 energy points (spell power). Your armor class was -2. Your wallet contained 447 zorkmids. Autopickup was off. Final Characteristics: Your strength was 14 (limit:18/50). Your dexterity was 14 (peak:15, limit:18). Your constitution was 15 (limit:18). Your intelligence was 19 (limit:19). Your wisdom was 16 (limit:18). Your charisma was 14 (limit:18). Final Status: You were held by an owlbear (northeast). You were not hungry. You were unencumbered. You were wielding a dagger. You were unskilled in dagger and could have enhanced that. Final Attributes: You were piously aligned. You were magic-protected. You were fire resistant. You were poison resistant. You saw invisible. You were telepathic. You had automatic searching. You had infravision. You were invisible to others. You had teleport control. You were guarded. You had free action. You were lucky. You are dead. Miscellaneous: You never encountered a bones level. Total elapsed playing time was 1 hour, 32 minutes and 23 seconds. Major events: Turn 1: MargeBouvier the neutral male gnomish Wizard entered the dungeon 1614: attained the rank of Conjurer (level 3) 4279: attained the rank of Thaumaturge (level 6) 4755: entered Sokoban 5782: completed 1st Sokoban level 6677: completed 2nd Sokoban level 8433: entered the Gnomish Mines 8507: reached Mine Town 13354: was bestowed with Magicbane by Thoth 15616: attained the rank of Magician (level 10) 15673: killed by an owlbear Vanquished creatures: 2 stalkers 5 wargs a small mimic a warhorse 2 xans a gelatinous cube 2 large cats 2 tigers 2 gargoyles 3 tengu a human mummy a red naga an ettin zombie 2 leather golems 3 Grey-elves 2 chameleons a crocodile 6 giant beetles 3 quivering blobs 2 cockatrices 5 winter wolf cubs a lynx a gremlin a spotted jelly a leprechaun 11 orc-captains 2 scorpions a horse a black light 2 vampire bats 2 dwarf mummies 2 ogres a brown pudding 2 rust monsters an owlbear a werewolf 2 lizards 4 chickatrices a dwarf leader a blue jelly a raven a snake 5 apes 9 human zombies 2 Woodland-elves 3 bugbears an imp a quasit 5 Mordor orcs 5 Uruk-hai an orc shaman 3 rock piercers 3 rock moles 3 ponies 2 fog clouds a yellow light 2 shriekers 2 violet fungi 2 gnome leaders 2 kobold mummies a guardian naga hatchling 2 gray oozes 3 elf zombies 12 giant ants 6 floating eyes 4 kittens 4 dwarves 4 homunculi 5 kobold leaders 2 kobold shamans 14 hill orcs 6 rothes a rabid rat a centipede a giant bat 3 orc zombies 14 dwarf zombies a werejackal 3 iguanas 7 killer bees an acid blob 3 coyotes a gas spore 2 hobbits 5 manes 3 hobgoblins 2 orcs a giant rat 7 cave spiders 2 yellow molds 2 green molds 2 red molds 3 gnomes 9 garter snakes 7 gnome zombies 6 geckos 11 jackals 3 foxes 2 kobolds 5 goblins 6 sewer rats 6 grid bugs 11 lichens 7 kobold zombies 11 newts 352 creatures vanquished. No species were genocided or became extinct. Voluntary challenges: You read items or engraved 51 times. You engraved Elbereth 24 times. You never genocided any monsters. You never polymorphed an object. You used no wishes. You did not violate any of the special Sokoban rules. Achievements: You entered a shop. You attained the rank of Conjurer. You attained the rank of Thaumaturge. You entered Sokoban. You entered the Gnomish Mines. You entered Minetown. You attained the rank of Magician. The Dungeons of Doom: levels 1 to 8 Level 1: Some fountains, some sinks. Level 2: A fountain. Level 3: A scroll shop. Level 4: Stairs down to The Gnomish Mines. Level 5: Many fountains. Level 6: Stairs up to Sokoban, level 5. Level 7: A fountain. Level 8: A fountain. The Gnomish Mines: levels 5 to 10 Level 5: Level 6: Level 7: An altar to Thoth, some fountains. Level 8: Level 9: Level 10: <- You were here. Final resting place for you, killed by an owlbear. Sokoban: levels 5 up to 4 Level 4: Solved. Level 5: Solved. Game over: ---------- / \ / REST \ / IN \ / PEACE \ / \ | MargeBouvier | | 447 Au | | killed by an | | owlbear | | | | | | 2023 | *| * * * | * _________)/\\_//(\/(/\)/\//\/|_)_______ Goodbye MargeBouvier the Wizard... You died in The Gnomish Mines on dungeon level 10 with 21821 points, and 447 pieces of gold, after 15673 moves. You were level 10 with a maximum of 71 hit points when you died.